Map: Buried Caverns

Players

uichirokg

  • Race: Protoss Protoss
  • League: Silver
  • Spawn Location: 9:00

pretor

  • Race: Protoss Protoss
  • Spawn Location: 9:00

DeadRyu

  • Race: Protoss Protoss
  • Spawn Location: 7:00

Smileblind

  • Race: Protoss Protoss
  • League: Silver
  • Spawn Location: 5:00

ikennyng

  • Race: Protoss Protoss
  • League: Bronze
  • Spawn Location: 3:00

Kroyffsoyuzk

  • Race: Terran Terran
  • Spawn Location: 3:00

VOD

Have the link to the VOD?

Description

Time

  • Played on: Feb. 4, 2019, 10:49 p.m.
  • Length: 16:52
Show
View Real Time Build Order
Export as new Build Order

uichirokg Protoss 

Build Orders: Double Forge 

Get SALT Encoding   

  12  0:14  Probe  
  13  0:22  Probe  
  13  0:25  Pylon  
  14  0:32  Probe  
  15  0:58  Gateway  
  15  1:46  Forge  
  15  1:48  Zealot  
  15  1:52  Nexus  
  17  2:27  Zealot  
  19  3:05  Zealot  
  15  3:30  Zealot  
  12  3:56  Pylon  
  12  3:57  Zealot  
  12  3:58  Pylon  
  14  4:07  Probe  
  15  4:20  Probe  
  15  4:22  Forge  
  16  4:25  Zealot  
  18  4:39  Assimilator  
  18  4:45  Probe  
  19  4:52  Zealot  
  21  4:57  Probe  
  22  5:09  Probe  
  23  5:16  Photon Cannon  
  23  5:19  Zealot  
  25  5:46  Assimilator  
  25  5:51  Photon Cannon, Probe  
  26  5:59  Probe  
  26  6:01  Probe  
  27  6:05  Cybernetics Core  
  27  6:09  Probe x2  
  30  6:19  Probe  
  30  6:20  Zealot  
  30  6:21  Probe  
  34  6:36  Photon Cannon  
  34  6:45  Probe  
  34  6:53  Probe  
  35  6:57  Twilight Council  
  36  7:03  Probe  
  37  7:26  Robotics Facility  
  37  7:45  Probe  
  38  7:51  Assimilator  
  38  7:53  Probe  
  39  8:05  Probe  
  40  8:13  Charge  
  40  8:15  Protoss Ground Weapons Level 1  
  40  8:17  Probe  
  40  8:18  Protoss Air Weapons Level 1  
  41  8:20  Nexus  
  41  8:22  Observer  
  42  8:28  Probe  
  43  8:35  Assimilator  
  43  8:36  Probe  
  44  8:44  Probe  
  44  8:45  Assimilator  
  45  8:55  Probe  
  46  9:07  Probe  
  47  9:26  Stargate  
  47  9:31  Stargate  
  47  10:05  Dark Shrine  
  47  10:10  Void Ray  
  47  10:12  Protoss Air Armor Level 1  
  51  10:16  Fleet Beacon, Probe  
  52  10:25  Probe  
  52  10:34  Protoss Ground Weapons Level 2, Probe  
  54  10:44  Stargate  
  54  10:46  Probe  
  54  10:47  Probe  
  55  10:55  Probe  
  55  10:56  Void Ray  
  60  10:58  Probe  
  62  11:04  Probe  
  62  11:09  Void Ray  
  67  11:16  Probe  
  67  11:17  Probe  
  69  11:30  Pylon  
  69  11:32  Assimilator, Pylon  
  69  11:34  Pylon  
  69  11:35  Pylon  
  69  11:48  Probe x2, Void Ray  
  69  11:49  Probe  
  69  11:50  Immortal, Void Ray  
  69  11:53  Anion Pulse-Crystals  
  69  11:54  Cybernetics Core  
  84  12:00  Dark Templar  
  84  12:01  Probe  
  87  12:09  Gateway  
  87  12:10  Probe  
  88  12:18  Probe  
  88  12:19  Void Ray  
  88  12:20  Nexus  
  93  12:23  Protoss Air Weapons Level 2  
  93  12:27  Probe  
  93  12:36  Cybernetics Core  
  94  12:38  Probe  
  94  12:39  Pylon  
  95  12:46  Probe  
  96  12:52  Assimilator  
  96  12:54  Probe, Void Ray  
  96  12:57  Void Ray  
  104  13:02  Void Ray  
  109  13:13  Pylon  
  109  13:14  Pylon  
  109  13:16  Pylon  
  109  13:17  Pylon  
  109  13:18  Protoss Ground Weapons Level 3, Pylon  
  109  13:20  Pylon  
  109  13:21  Pylon  
  109  13:22  Pylon  
  109  13:25  Pylon  
  109  13:26  Pylon  
  109  13:27  Protoss Air Armor Level 2  
  109  13:29  Forge  
  109  13:31  Probe  
  110  13:39  Void Ray  
  114  13:41  Void Ray  
  114  13:43  Probe  
  120  13:55  Probe  
  120  14:01  Dark Templar  
  120  14:02  Sentry  
  124  14:03  Probe  
  124  14:07  Probe  
  126  14:11  Probe  
  127  14:19  Probe  
  127  14:20  Probe  
  129  14:29  Assimilator  
  129  14:32  Probe  
  130  14:40  Dark Templar  
  130  14:44  Probe  
  133  14:48  Void Ray  
  137  14:53  Void Ray  
  141  15:01  Void Ray  
Show
View Real Time Build Order
Export as new Build Order

pretor Protoss 

Build Orders: Carriers 

Get SALT Encoding   

  1  0:00  Probe  
  12  0:06  Probe  
  14  0:16  Probe  
  15  0:22  Pylon  
  15  0:40  Probe  
  15  0:41  Forge  
  16  0:51  Gateway  
  16  0:54  Probe  
  17  0:59  Assimilator  
  17  1:04  Probe  
  17  1:05  Assimilator  
  18  1:12  Probe  
  19  1:21  Probe  
  20  1:28  Photon Cannon  
  20  1:42  Pylon  
  20  1:49  Probe  
  21  1:54  Zealot  
  21  2:01  Probe  
  24  2:13  Probe  
  25  2:22  Pylon  
  25  2:26  Pylon  
  25  2:30  Cybernetics Core  
  23  3:06  Zealot  
  25  3:13  Stargate  
  25  3:18  Stargate x2  
  25  3:24  Stalker  
  27  4:02  Void Ray  
  31  4:19  Nexus, Void Ray  
  35  4:24  Assimilator  
  35  4:29  Assimilator  
  35  4:43  Pylon  
  35  4:45  Pylon  
  35  4:49  Pylon  
  35  4:54  Void Ray  
  39  5:11  Void Ray  
  39  5:27  Probe  
  43  5:33  Probe  
  44  5:35  Probe  
  44  5:41  Probe  
  46  5:45  Probe  
  48  5:50  Probe  
  49  5:57  Probe  
  49  6:02  Probe  
  51  6:09  Probe  
  52  6:15  Probe  
  53  6:19  Void Ray  
  53  6:21  Probe  
  58  6:27  Probe  
  58  6:31  Void Ray  
  63  6:33  Probe  
  63  6:39  Probe  
  65  6:45  Probe  
  66  6:51  Probe  
  67  7:10  Void Ray  
  67  7:11  Void Ray  
  59  7:20  Void Ray  
  67  7:28  Probe  
  67  7:36  Probe  
  69  7:46  Probe  
  70  7:53  Void Ray  
  70  7:58  Probe, Pylon  
  74  8:01  Fleet Beacon  
  75  8:05  Pylon  
  75  8:11  Probe  
  75  8:12  Pylon  
  76  8:26  Void Ray x2  
  84  8:32  Stargate  
  84  8:35  Stargate  
  84  8:36  Void Ray  
  84  9:29  Void Ray x2  
  80  9:39  Void Ray x3  
  100  9:51  Stargate  
  100  9:55  Photon Cannon  
  100  9:59  Photon Cannon  
  100  10:02  Photon Cannon  
  100  10:07  Photon Cannon  
  100  10:10  Photon Cannon  
  100  10:14  Photon Cannon  
  100  10:43  Void Ray  
  100  10:44  Void Ray  
  108  11:07  Void Ray  
  108  12:21  Carrier  
  110  12:24  Pylon  
  110  12:42  Carrier  
  116  13:02  Carrier  
  118  13:26  Pylon  
  118  13:29  Pylon  
  118  13:33  Pylon  
  118  13:35  Protoss Air Weapons Level 1, Carrier  
  118  13:36  Protoss Shields Level 1  
  118  13:37  Carrier  
  118  13:41  Carrier x2  
  118  13:47  Pylon  
  130  13:50  Pylon  
  142  13:56  Pylon  
  142  14:15  Photon Cannon  
  142  14:18  Photon Cannon  
  142  14:22  Carrier  
  148  14:26  Photon Cannon  
  148  14:28  Pylon  
  148  14:32  Pylon  
  148  15:04  Void Ray  
  148  15:05  Void Ray x3  
Show
View Real Time Build Order
Export as new Build Order

DeadRyu Protoss 

Build Orders:  

Get SALT Encoding   

  12  12:01  Pylon  
  12  12:02  Pylon  
  12  12:04  Pylon  
  12  12:06  Pylon  
  12  12:10  Assimilator  
  12  12:16  Assimilator  
  12  12:24  Gateway  
  12  12:26  Gateway  
  12  12:27  Gateway  
  12  12:29  Gateway  
  12  12:32  Gateway  
  12  12:34  Gateway  
  12  13:17  Nexus  
  12  13:20  Assimilator  
  12  13:24  Assimilator  
  12  13:31  Cybernetics Core  
  12  13:35  Forge  
  12  13:36  Forge  
  12  13:48  Warp Gate  
  12  13:59  Probe  
  13  14:11  Probe  
  14  14:23  Probe  
  15  14:29  Probe  
  16  14:35  Probe  
  17  14:41  Probe  
  17  14:42  Protoss Ground Armor Level 1  
  18  14:47  Probe  
  19  14:52  Protoss Ground Weapons Level 1  
  19  14:53  Probe  
  20  15:02  Twilight Council  
  20  15:37  Stalker  
  20  15:39  Stalker x2  
  20  15:40  Stalker x3  
  32  15:50  Pylon  
  32  15:52  Pylon  
  32  15:53  Pylon  
  32  15:55  Pylon  
  32  16:03  Stalker x3  
  32  16:04  Stalker x2  
  40  16:05  Stalker  
  44  16:30  Stalker x4  
  44  16:31  Stalker x2  
Show
View Real Time Build Order
Export as new Build Order

Smileblind Protoss 

Build Orders:  

Get SALT Encoding   

  12  0:02  Probe  
  14  0:14  Probe  
  14  0:25  Pylon  
  14  0:26  Probe  
  15  0:43  Probe  
  15  0:48  Forge  
  16  0:56  Probe  
  17  0:57  Gateway  
  17  1:08  Probe  
  18  1:12  Assimilator  
  18  1:20  Probe  
  19  1:29  Photon Cannon  
  19  1:35  Photon Cannon  
  19  1:40  Zealot  
  19  1:41  Probe  
  20  1:51  Assimilator  
  20  1:53  Probe  
  23  2:02  Cybernetics Core  
  23  2:18  Pylon  
  23  2:24  Warp Gate  
  23  2:36  Probe  
  24  2:48  Stalker, Probe  
  27  3:02  Nexus  
  27  3:12  Pylon  
  27  3:17  Stalker, Pylon  
  27  3:19  Probe  
  30  3:31  Probe  
  31  3:40  Gateway  
  31  3:43  Probe  
  31  3:48  Sentry  
  34  4:02  Twilight Council  
  34  4:05  Assimilator  
  34  4:06  Probe  
  35  4:11  Assimilator, Probe  
  35  4:14  Sentry  
  38  4:18  Probe  
  38  4:19  Probe  
  40  4:31  Stargate, Probe  
  41  4:34  Probe  
  42  4:40  Charge  
  42  4:42  Probe  
  42  4:48  Probe  
  42  4:51  Probe  
  44  4:58  Shield Battery  
  45  5:00  Probe  
  46  5:13  Probe  
  47  5:25  Void Ray  
  47  5:28  Probe  
  51  5:35  Probe  
  53  5:36  Probe  
  54  5:44  Protoss Air Weapons Level 1  
  54  5:45  Probe  
  55  5:50  Probe  
  55  5:51  Fleet Beacon  
  56  6:04  Probe  
  57  6:14  Stargate  
  57  6:16  Probe  
  58  6:21  Void Ray  
  62  6:29  Dark Shrine  
  62  6:34  Pylon  
  62  6:49  Shield Battery, Probe  
  62  6:52  Probe  
  63  6:56  Stalker, Shield Battery  
  63  6:57  Stalker, Shield Battery  
  59  7:02  Probe  
  59  7:14  Probe  
  60  7:21  Probe  
  60  7:29  Probe  
  61  7:33  Carrier  
  68  7:39  Probe  
  68  7:44  Pylon  
  69  7:46  Pylon  
  69  7:51  Probe  
  70  7:56  Pylon  
  70  7:58  Pylon  
  70  8:01  Pylon  
  70  8:03  Probe  
  71  8:18  Gateway  
  71  8:19  Protoss Air Weapons Level 2  
  71  8:24  Carrier  
  71  8:27  Gateway  
  77  8:28  Gateway  
  77  8:38  Probe  
  83  8:50  Probe  
  74  9:02  Probe  
  71  9:09  Stalker  
  53  9:26  Stalker  
  53  9:27  Stalker  
  53  9:45  Probe  
  54  9:53  Probe  
  55  10:03  Probe  
  55  10:05  Pylon  
  56  10:09  Pylon  
  56  10:11  Nexus  
  56  10:12  Tempest  
  56  10:15  Probe  
  56  10:17  Shield Battery  
  56  10:20  Shield Battery  
  57  10:22  Tempest  
  63  10:33  Probe  
  69  10:59  Shield Battery  
  69  11:00  Shield Battery  
  69  11:06  Assimilator  
  69  11:11  Assimilator  
  54  11:16  Stalker  
  36  11:27  Stalker  
  36  11:28  Stalker  
  39  11:36  Stalker  
  25  12:04  Stalker x2  
  25  12:17  Stalker  
  19  12:47  Stalker  
  9  13:14  Pylon  
  9  13:17  Pylon  
  9  13:20  Gateway  
  9  13:22  Gateway  
  9  13:43  Probe  
  10  13:58  Assimilator  
  10  14:21  Probe  
  10  14:30  Probe  
  12  15:25  Nexus  
  12  15:31  Probe  
  13  15:50  Stalker  
Show
View Real Time Build Order
Export as new Build Order

ikennyng Protoss 

Build Orders:  

Get SALT Encoding   

  12  0:16  Pylon  
  12  0:17  Probe  
  12  0:26  Probe  
  14  0:40  Forge  
  14  1:01  Assimilator  
  14  1:07  Assimilator  
  14  1:16  Pylon  
  13  1:18  Pylon  
  13  1:29  Pylon  
  12  1:40  Probe  
  13  1:48  Probe  
  14  2:21  Pylon  
  14  2:27  Photon Cannon  
  13  2:30  Photon Cannon  
  12  2:49  Pylon  
  12  2:54  Gateway  
  12  2:58  Photon Cannon  
  12  3:33  Pylon  
  12  3:57  Zealot  
  12  4:03  Gateway  
  12  4:05  Photon Cannon  
  14  4:22  Zealot  
  16  4:34  Pylon  
  16  4:39  Pylon  
  16  4:42  Pylon  
  16  4:49  Pylon  
  16  5:01  Photon Cannon  
  16  5:20  Pylon  
  15  5:54  Assimilator  
  15  5:58  Assimilator  
  15  6:08  Probe  
  15  6:15  Zealot  
  15  6:17  Probe, Zealot  
  20  6:23  Pylon  
  21  6:26  Probe  
  22  6:46  Cybernetics Core  
  22  7:02  Photon Cannon  
  22  7:08  Photon Cannon  
  22  7:15  Probe, Pylon  
  22  7:18  Warp Gate  
  23  7:51  Protoss Ground Weapons Level 1  
  23  8:06  Stalker  
  25  8:22  Stalker  
  27  8:53  Pylon  
  19  10:05  Stargate  
  19  10:26  Probe  
  19  10:34  Probe  
  21  10:44  Probe  
  22  10:56  Probe  
  23  11:08  Probe  
  24  11:30  Phoenix  
  22  11:49  Phoenix  
  22  11:56  Probe  
  25  12:05  Pylon  
  25  12:06  Phoenix  
  25  12:08  Probe  
  24  12:48  Stargate  
  24  13:17  Protoss Air Weapons Level 1  
  24  13:18  Nexus  
  24  13:22  Pylon  
  24  13:34  Phoenix  
  24  13:38  Probe  
  26  13:46  Phoenix, Probe  
  30  13:56  Stargate  
  30  14:05  Photon Cannon  
  30  14:15  Photon Cannon  
  30  14:24  Phoenix  
  32  14:45  Probe  
  33  14:53  Probe  
  33  14:56  Pylon  
  34  15:03  Probe  
  35  15:17  Shield Battery  
  35  15:18  Probe  
  36  15:26  Shield Battery  
  36  15:31  Probe  
  36  15:33  Phoenix  
  39  15:43  Probe  
  40  15:55  Probe  
  42  16:13  Photon Cannon  
Show
View Real Time Build Order
Export as new Build Order

Kroyffsoyuzk Terran 

Build Orders:  

Get SALT Encoding   

  12  1:02  Supply Depot  
  12  1:19  Supply Depot  
  12  1:29  Barracks  
  12  1:54  Refinery  
  12  2:07  SCV  
  13  2:14  Supply Depot  
  13  2:19  SCV, Supply Depot  
  14  2:30  Supply Depot  
  14  2:31  SCV  
  15  2:43  SCV  
  16  2:55  SCV  
  17  3:05  Refinery  
  17  3:07  SCV  
  18  3:23  Orbital Command  
  18  3:28  Barracks Reactor  
  18  3:40  Factory  
  18  4:02  Barracks  
  18  4:07  Supply Depot, Marine x2  
  20  4:16  Supply Depot  
  20  4:19  Supply Depot  
  20  4:25  Marine x2  
  22  4:32  Factory Tech Lab  
  22  4:43  Marine x2  
  24  4:48  Command Center  
  24  4:52  Barracks Reactor  
  24  5:00  Marine  
  24  5:01  Marine  
  26  5:18  Marine x2  
  26  5:21  Siege Tank  
  31  5:31  Marine  
  31  5:32  Marine  
  33  5:36  Marine x2  
  35  5:49  Marine x2  
  36  5:54  Marine x2  
  39  6:07  Marine x2  
  41  6:12  Marine x2  
  43  6:25  Marine x2  
  45  6:27  Barracks  
  45  6:29  Marine  
  45  6:30  Marine  
  45  6:32  Starport  
  47  6:34  SCV  
  48  6:45  Marine x2  
  50  6:47  Marine x2  
  52  7:09  Starport  
  52  7:11  Starport Reactor  
  52  7:23  Barracks Reactor  
  52  7:28  Marine x2  
  52  7:29  Marine x2  
  56  7:36  SCV  
  57  7:37  Refinery  
  57  7:46  Marine x3  
  57  7:47  Marine  
  57  7:49  SCV  
  62  8:01  SCV  
  62  8:04  Marine  
  62  8:05  Marine x4  
  67  8:06  Marine  
  69  8:13  SCV  
  69  8:17  Starport Reactor  
  70  8:22  Marine  
  70  8:25  SCV  
  72  8:37  SCV  
  72  8:39  Engineering Bay  
  73  8:45  SCV  
  74  8:57  SCV  
  74  9:01  Viking  
  74  9:02  Viking x2  
  81  9:09  SCV  
  82  9:28  Viking  
  84  9:31  Viking x2  
  88  10:14  Armory  
  88  10:26  Supply Depot, Orbital Command  
  88  10:31  Marine x2  
  88  10:32  Marine x4  
  94  10:49  Marine x3  
  96  10:50  Marine x3  
  100  11:07  Siege Tank, Marine x4  
  100  11:08  Marine x2  
  109  11:21  Supply Depot  
  109  11:24  Marine  
  109  11:25  Refinery, Marine x3  
  112  11:29  Viking x2  
  117  11:38  Starport  
  117  11:42  Viking  
  117  11:43  Siege Tank  
  122  12:10  Marine x2  
  122  12:11  Marine x2  
  126  12:21  Marine x2  
  124  12:28  Marine x3  
  124  12:29  Marine  
  116  12:39  Marine x2  
  118  12:46  Marine x4  
  118  12:47  Viking x2  
  126  12:59  Marine  
  126  13:00  Viking  
  121  13:35  Marine x2  
  121  13:36  Marine x3  
  126  13:43  Starport Reactor  
  126  14:49  Supply Depot  
  126  15:07  Missile Turret  
  126  15:10  Viking x2, Marine x4  
  134  15:34  Marine  
  134  15:36  Marine x2  
  134  15:49  Marine  
  134  15:50  Marine x2  
  134  15:51  Viking  
  134  15:52  Marine  
  134  15:54  Marine x2  
  132  16:07  Marine x2  
Tags
 
Add a new tag
Caveats
  • Supply blocks, unpowered buildings, or Contaminate may cause inaccurate times.
  • Supply counts are checked every 10 seconds.